 Dungeon Crawl Stone Soup version 0.25-a0-356-g7c9d860b3b (webtiles) character file.

Game seed: 17505161673978975113, levelgen mode: deterministic

22832 Inarius the Cleaver (level 12, -8/99 HPs)
             Began as a Mummy Gladiator on Jan 3, 2020.
             Was an Initiate of Gozag.
             Mangled by a black mamba (11 damage)
             ... on level 2 of the Lair of Beasts.
             The game lasted 00:26:01 (16879 turns).

Inarius the Cleaver (Mummy Gladiator)              Turns: 16879, Time: 00:26:03

Health: -8/99      AC: 17    Str: 21    XL:     12   Next: 66%
Magic:  16/16      EV:  9    Int:  9    God:    Gozag
Gold:   2413       SH:  0    Dex: 13    Spells: 11/11 levels left

rFire    . . .     SeeInvis +   a - +12 glaive of Prune {chop}
rCold    + . .     Gourm    .   (shield currently unavailable)
rNeg     + + +     Faith    .   z - +1 chain mail {rF+}
rPois    ∞         Spirit   .   q - +0 mask of the Dragon {MR+ Slay+3 SInv}
rElec    .         Reflect  .   (no cloak)
rCorr    .         Harm     .   y - +2 pair of gloves of the Ant {+Blink}
MR       ++...                  D - +0 pair of boots
Stlth    ..........             (no amulet)
HPRegen  0.26/turn              (no ring)
MPRegen  0.15/turn              (no ring)

@: no status effects
A: no food or potions, fire vulnerability, cold resistance 1, negative energy
resistance 3, torment resistance, unbreathing
a: Potion Petition, Call Merchant, Bribe Branch, Renounce Religion, Evoke Blink


You were on level 2 of the Lair of Beasts.
You worshipped Gozag.
Gozag was most pleased with you.
You were not hungry.

You visited 3 branches of the dungeon, and saw 14 of its levels.
You also visited: Sewer.

You collected 3596 gold pieces.
You spent 1092 gold pieces at shops.
You paid 91 gold pieces to Gozag.

Inventory:

Hand Weapons
 a - the +12 glaive of Prune (weapon) {chop}
   (You found it in a sewer)

   It inflicts extra damage upon your enemies.
 b - a +0 broad axe of flaming
 B - the +2 scimitar "Qusteh" {drain, rPois MR+ MP-9 Int+7}
   (You found it on level 10 of the Dungeon)

   A truly terrible weapon, it drains the life of those it strikes.
   It affects your intelligence (+7).
   It protects you from poison.
   It affects your resistance to hostile enchantments.
   It affects your magic capacity (-9).
 C - a +3 broad axe of electrocution
Missiles
 d - 4 throwing nets
 j - 12 boomerangs (quivered)
 l - 3 silver boomerangs
Armour
 c - a +0 helmet
 q - the +0 mask of the Dragon (worn) {MR+ Slay+3 SInv}
   (You bought it in a shop on level 6 of the Dungeon)

   It affects your accuracy and damage with ranged weapons and melee attacks
   (+3).
   It affects your resistance to hostile enchantments.
   It lets you see invisible.
 v - a +0 buckler
 x - a +4 chain mail of cold resistance
 y - the +2 pair of gloves of the Ant (worn) {+Blink}
   (You bought it in a shop on level 6 of the Dungeon)

   It lets you blink.
 z - a +1 chain mail of fire resistance (worn)
 D - a +0 pair of boots (worn)
 E - a +0 crystal plate armour
Wands
 k - a wand of disintegration (1)
 p - a wand of random effects (20)
 r - a wand of enslavement (5)
 s - a wand of flame (11)
 t - a wand of scattershot (6)
Scrolls
 e - 4 scrolls of fog
 g - 4 scrolls of remove curse
 h - 3 scrolls of amnesia
 i - a scroll of fear
 m - 2 scrolls of immolation
 n - 7 scrolls of teleportation
 o - 3 scrolls of enchant armour
 u - a scroll of noise
 A - a scroll of torment
 F - 2 scrolls of blinking
 G - a scroll of magic mapping
Miscellaneous
 f - a lightning rod (4/4)
 w - a phantom mirror


   Skills:
 + Level 10.8 Fighting
 * Level 10.8 Axes
 - Level 1.5 Throwing
 - Level 10.0 Armour
 - Level 2.4 Dodging
 - Level 6.1 Evocations


You had 11 spell levels left.
You didn't know any spells.
Your spell library was empty.

Dungeon Overview and Level Annotations

Branches:
Dungeon (11/15)            Temple (1/1) D:5            Lair (2/6) D:8
    Orc (0/2) D:10          Sewer (visited)
  Swamp: Lair:2-4    Shoals: Lair:2-4     Snake: Lair:2-4    Spider: Lair:2-4

Altars:
Ashenzari
Dithmenos
Elyvilon
Gozag
Okawaru
Qazlal
Sif Muna
Trog
Uskayaw
Wu Jian
Xom
Yredelemnul
Zin
The Shining One
Beogh

Shops:
D:6 :[?   D:11 !

Annotations:
D:4 2 runed translucent doors, bmj180's ghost, novice SpAs
D:9 3 runed translucent doors, Borgoz's ghost, novice MiBe


Innate Abilities, Weirdness & Mutations

You do not eat or drink.
Your flesh is vulnerable to fire.
You are immune to poison.
Your flesh is cold resistant. (rC+)
You are immune to negative energy. (rN+++)
You are immune to unholy pain and torment.
You can survive without breathing.


Message History

Attack whom?
Press: ? - help, Dir - move target cursor, f - black mamba
Aim: a black mamba You reach to attack!
You slice the black mamba!!
The black mamba is severely wounded.
The black mamba closely misses you.
You closely miss the black mamba.
The black mamba is severely wounded.
The black mamba bites you but does no damage.
The black mamba bites you.
* * * LOW HITPOINT WARNING * * *
The black mamba bites you!
* * * LOW HITPOINT WARNING * * *
You hit the black mamba.
The black mamba is severely wounded.
The black mamba bites you!
* * * LOW HITPOINT WARNING * * *
The black mamba bites you!
You die...
Your body crumbles into a pile of gold.

.##.# #≈≈≈≈≈.≈≈≈≈.≈# ## #.#
#≈≈≈≈.<≈≈≈≈≈≈##.#
#.###.≈≈≈...≈≈≈.#...## #.
##..#.≈≈≈≈≈≈≈≈≈......##...
#..)..≈≈≈≈≈≈≈≈.........#..
#......≈≈≈≈≈≈≈.............#
#..........≈................P
#...#####.###..>.##.........(..
...# ### ###.@S$............
#.. #####..........# .##
##.....##.## . #.#P..P....
##....##P ###..# #...# #.#.# ##
.#


You could see a black mamba.

Vanquished Creatures
  A hydra (Lair:1)
  Erica (Lair:2)
  An unseen horror (D:10)
  A flayed ghost (D:10)
  An ugly thing (D:11)
  A wolf spider (Lair:2)
  A black mamba (Lair:1)
  6 spiny frogs (Lair:1)
  Psyche (D:9)
  A centaur zombie (D:11)
  A rime drake (Lair:1)
  A komodo dragon (Lair:2)
  2 kobold demonologists (D:11)
  5 blink frogs
  4 hippogriffs
  5 wraiths (D:10)
  A human (D:6)
  29 yaks
  10 fire bats (D:10)
  4 basilisks
  A hungry ghost (D:10)
  Menkaure (D:5)
  2 water moccasins (Lair:1)
  6 porcupines
  5 orc warriors
  A black bear (D:11)
  A sky beast (D:7)
  A necrophage (D:9)
  A phantom (D:6)
  7 ogres
  A wolf (Lair:1)
  8 centaurs
  2 crocodiles (D:8)
  6 big kobolds
  10 bullfrogs
  2 gnoll sergeants
  4 scorpions
  17 killer bees
  4 wights (D:10)
  5 howler monkeys
  5 crimson imps
  2 quasits
  A bullfrog zombie (D:5)
  A jelly (D:7)
  10 orc wizards
  6 orc priests
  7 hounds
  A bullfrog skeleton (D:10)
  A gnoll shaman (D:7)
  5 iguanas
  2 worker ants
  A howler monkey zombie (D:10)
  A worker ant zombie (D:7)
  10 gnolls
  A howler monkey skeleton (D:5)
  18 adders
  2 shadow imps
  2 oozes
  An adder skeleton (D:6)
  3 worms
  3 dart slugs
  5 leopard geckos
  32 orcs
  5 ball pythons (Sewer)
  10 giant cockroaches
  14 hobgoblins
  6 jackals
  28 kobolds
  4 quokkas
  86 bats
  7 frilled lizards
  5 goblins
  A jackal zombie (D:6)
  A kobold zombie (D:6)
  6 rats
  A plant (D:7)
456 creatures vanquished.

Vanquished Creatures (others)
  A bush (D:8)
  12 fungi (Lair:2)
  15 plants
28 creatures vanquished.

Grand Total: 484 creatures vanquished

Notes
Turn   | Place    | Note
-------+----------+-------------------------------------------
     0 | D:1      | Inarius the Mummy Gladiator began the quest for the Orb.
     0 | D:1      | Reached XP level 1. HP: 16/16 MP: 1/1
    61 | D:1      | Reached XP level 2. HP: 18/22 MP: 2/2
   607 | D:2      | Reached XP level 3. HP: 15/27 MP: 3/3
  1200 | D:2      | Reached skill level 1 in Armour
  1301 | D:2      | Found a stormy altar of Qazlal.
  1413 | D:2      | Reached XP level 4. HP: 33/33 MP: 4/4
  1490 | D:2      | Found a glowing golden altar of the Shining One.
  1496 | D:2      | Found an ornate altar of the Wu Jian Council.
  2471 | D:4      | Reached XP level 5. HP: 39/39 MP: 5/5
  2514 | D:4      | Noticed a phantom
  2865 | D:4      | Reached XP level 6. HP: 34/46 MP: 6/6
  3353 | D:4      | Reached skill level 5 in Axes
  3563 | D:4      | Found a runed translucent door.
  3567 | D:4      | Noticed bmj180's ghost (novice SpAs)
  3619 | D:4      | Found a runed translucent door.
  3670 | D:5      | Entered Level 5 of the Dungeon
  3725 | D:5      | Noticed Menkaure
  3825 | D:5      | Killed Menkaure
  3825 | D:5      | Reached XP level 7. HP: 17/51 MP: 7/7
  5058 | D:5      | Found a staircase to the Ecumenical Temple.
  5064 | Temple   | Entered the Ecumenical Temple
  5070 | Temple   | Became a worshipper of Gozag Ym Sagoz the Greedy
  5570 | D:5      | Reached XP level 8. HP: 57/58 MP: 8/8
  5716 | D:5      | Found a shadowy altar of Dithmenos.
  5737 | D:5      | Reached skill level 1 in Evocations
  6045 | D:6      | Found Vuypodim's Magic Scroll Shoppe.
  6054 | D:6      | Bought 2 scrolls of identify for 44 gold pieces
  6054 | D:6      | Bought a scroll of identify for 22 gold pieces
  6146 | D:6      | Found a glowing drain.
  6172 | Sewer    | Entered a sewer
  6383 | Sewer    | Found the +12 glaive of Prune {chop}
  6464 | D:6      | Found Orupn's Armour Shoppe.
  6496 | D:6      | Bought the +0 mask of the Dragon {MR+ Slay+3 SInv} for 367
                  | gold pieces
  6496 | D:6      | Found the +0 mask of the Dragon {MR+ Slay+3 SInv}
  6519 | D:6      | Found Iweur's Book Shop.
  6777 | D:6      | Found a runed translucent door.
  6783 | D:6      | Found a basalt altar of Yredelemnul.
  7482 | D:7      | Identified the +0 robe of Modesty {*Slow rPois Int+5}
  7495 | D:7      | Found the +5 robe of Misfortune {*Contam Harm *Corrode
                  | *Drain *Slow EV+5}
  7512 | D:7      | Reached XP level 9. HP: 49/65 MP: 10/10
  7681 | D:7      | Reached skill level 5 in Armour
  8754 | D:8      | Reached skill level 5 in Fighting
  9308 | D:6      | Bought a +4 chain mail of cold resistance for 346 gold
                  | pieces
  9308 | D:6      | Bought the +2 pair of gloves of the Ant {+Blink} for 313
                  | gold pieces
  9528 | D:8      | Reached XP level 10. HP: 66/76 MP: 12/12
  9646 | D:8      | Found a staircase to the Lair.
  9894 | D:8      | Found a shattered altar of Ashenzari.
 10137 | D:9      | Found a runed translucent gate.
 10137 | D:9      | Found a runed translucent gate.
 10137 | D:9      | Found a runed translucent gate.
 10731 | D:9      | Noticed Psyche
 10742 | D:9      | Killed Psyche
 10900 | D:9      | Noticed Borgoz's ghost (novice MiBe)
 10971 | D:9      | Found a bloodstained altar of Trog.
 11153 | D:9      | Reached XP level 11. HP: 75/86 MP: 14/14
 11299 | D:10     | Entered Level 10 of the Dungeon
 11309 | D:10     | Got a steaming scimitar
 11311 | D:10     | Identified the +2 scimitar "Qusteh" {drain, rPois MR+ MP-9
                  | Int+7} (You found it on level 10 of the Dungeon)
 11724 | D:10     | Found a staircase to the Orcish Mines.
 12073 | D:10     | Found a runed translucent door.
 12142 | D:10     | Found a stormy altar of Qazlal.
 12167 | D:10     | Found a white marble altar of Elyvilon.
 12250 | D:10     | Found a glowing golden altar of the Shining One.
 12250 | D:10     | Noticed an unseen horror
 12252 | D:10     | Killed an unseen horror
 12254 | D:10     | Reached skill level 5 in Evocations
 12504 | D:10     | Found a shimmering altar of Xom.
 12589 | D:10     | Found a bloodstained altar of Trog.
 12645 | D:10     | Found a hide-covered altar of Uskayaw.
 12703 | D:10     | Found a roughly hewn altar of Beogh.
 12937 | D:10     | Noticed a flayed ghost
 12946 | D:10     | Killed a flayed ghost
 13341 | D:11     | Noticed a sun demon
 13502 | D:11     | Noticed a purple ugly thing
 13515 | D:11     | Killed a purple ugly thing
 13886 | D:11     | Found Bouneyv's Distillery.
 14146 | D:11     | Reached XP level 12. HP: 78/97 MP: 16/16
 14151 | D:11     | Reached skill level 10 in Axes
 14301 | Lair:1   | Entered Level 1 of the Lair of Beasts
 14363 | Lair:1   | Reached skill level 10 in Fighting
 15603 | Lair:2   | Noticed an eight-headed hydra
 15614 | Lair:1   | Killed a five-headed hydra
 16306 | Lair:2   | Noticed Erica
 16315 | Lair:2   | Killed Erica
 16804 | Lair:2   | Reached skill level 10 in Armour
 16879 | Lair:2   | HP: 3/99 [black mamba (10)]
 16879 | Lair:2   | Mangled by a black mamba

Levels and vault maps discovered:
D:1:      dpeg_arrival_tiny_d, layout_basic
D:2:      layout_basic, overflow_temple_1_default,
          nicolae_overflow_hidden_temple
D:3:      layout_rooms, first_ration
D:4:      layout_cave_pools, ebering_ghost_sewer_f
D:5:      layout_basic, kennysheep_mini, minmay_temple_entry_trees,
          uniq_menkaure
D:6:      layout_layer_cave, portal_sewer_entry_d, serial_shops,
          nicolae_shop_waterfront, shop, shop, dk_yredelemnul_ordeal
D:7:      kennysheep_housing_project, layout_rooms
D:8:      layout_gridville, evilmike_ruin_ashenzari, minmay_lair_entry_grove
D:9:      kennysheep_blocky_hall, layout_gridville, marbit_many_paths,
          gammafunk_ghost_icy, uniq_psyche
D:10:     due_megacathedral, layout_cave_pools, minmay_orc_entry_temple_small
D:11:     layout_basic, serial_shops, kennysheep_little_box
Temple:   eino_temple_rhombus
Lair:1:   layout_cave_pods, chequers_serial_rivers_small_a,
          hangedman_lair_generics_rect
Lair:2:   minmay_lair_venomous_thicket, layout_cave_pods,
          minmay_snake_entry_six_corridors, infiniplex_staircase_pool_2,
          grunt_megastairs_4, uniq_erica

Skill      XL: |  1  2  3  4  5  6  7  8  9 10 11 12 |
---------------+-------------------------------------+-----
Axes           | 3 4 5 6 7 8 9 10 | 10.8
Armour         | 1 2 3 4 6 7 9 10 | 10.0
Fighting       | 3 4 5 8 9 10 | 10.8
Evocations     | 2 3 4 5 6 |  6.1
Throwing       | |  1.5
Dodging        | |  2.4

Action                   |  1- 3 |  4- 6 |  7- 9 | 10-12 || total
-------------------------+-------+-------+-------+-------++-------
Melee: War axe           |   103 |   209 |   202 |       ||   514
       Whip              |       |       |    25 |       ||    25
       Glaive            |       |       |   133 |   536 ||   669
       Broad axe         |       |       |       |    49 ||    49
Throw: Boomerang         |       |    18 |     6 |    15 ||    39
       Throwing net      |       |     2 |       |       ||     2
Evoke: Wand              |       |       |       |     1 ||     1
  Use: Scroll            |     2 |       |     7 |     7 ||    16
 Stab: Distracted        |       |       |       |     6 ||     6
       Confused          |       |       |       |     1 ||     1
Armor: Leather armour    |    30 |       |       |       ||    30
       Ring mail         |     4 |    91 |   103 |       ||   198
       Chain mail        |       |       |     2 |   572 ||   574
Dodge: Dodged            |    79 |   139 |   240 |   425 ||   883

Table legend:
 A = Non-vault XP
 B = Vault XP
 C = Vault XP percentage of total XP
 D = Non-vault monster count
 E = Vault monster count
 F = Vault count percentage of total count
                 A         B        C        D         E       F
            +---------+---------+-------+---------+---------+-------
      Total |   21509 |   11109 |  34.1 |     359 |      96 |  21.1
            +---------+---------+-------+---------+---------+-------
        D:1 |      35 |       0 |   0.0 |      19 |       0 |   0.0
        D:2 |      81 |       0 |   0.0 |      22 |       0 |   0.0
        D:3 |     120 |       0 |   0.0 |      22 |       0 |   0.0
        D:4 |     433 |       0 |   0.0 |      22 |       0 |   0.0
        D:5 |     716 |     172 |  19.4 |      26 |       1 |   3.7
        D:6 |     386 |     222 |  36.5 |      12 |       4 |  25.0
        D:7 |    1006 |    1133 |  53.0 |      12 |      32 |  72.7
        D:8 |    1698 |    1490 |  46.7 |      23 |      10 |  30.3
        D:9 |    3026 |     865 |  22.2 |      34 |       6 |  15.0
       D:10 |    5259 |    1971 |  27.3 |     120 |      11 |   8.4
       D:11 |    3630 |       0 |   0.0 |      27 |       0 |   0.0
     Lair:1 |    4207 |    2904 |  40.8 |      16 |       8 |  33.3
     Lair:2 |     912 |    2324 |  71.8 |       4 |       9 |  69.2
      Sewer |       0 |      28 | 100.0 |       0 |      15 | 100.0
            +---------+---------+-------+---------+---------+-------
